 Dungeon Crawl Stone Soup version 0.18.1-50-g88ac8fd (webtiles) character file.

21 ololoev the Magician (level 2, -1/15 HPs)
             Began as a Deep Elf Earth Elementalist on Dec 6, 2016.
             Slain by an orc wizard
             ... wielding a +1 dagger of electrocution
              (15 damage)
             ... on level 4 of the Dungeon.
             The game lasted 00:02:31 (445 turns).

ololoev the Magician (Deep Elf Earth Elementalist)   Turns: 445, Time: 00:02:31

Health: -1/15      AC:  5    Str:  5    XL:     2   Next: 62%
Magic:  8/9        EV: 13    Int: 19    God:
Gold:   110        SH:  0    Dex: 15    Spells: 1 memorised, 8 levels left

rFire  . . .     SeeInvis .     b - 70 stones
rCold  . . .     Gourm    .     j - +0 robe (curse)
rNeg   . . .     Faith    .     (no shield)
rPois  .         Spirit   .     (no helmet)
rElec  .         Dismiss  .     (no cloak)
rCorr  .         Reflect  .     (no gloves)
SustAt .         Harm     .     (no boots)
MR     .....                    (no amulet)
Stlth  ++........               (no ring)
                                i - +3 ring of protection

@: not resistant to hostile enchantments, unstealthy
A: no striking features
a: no special abilities

Inventory:

Missiles
 b - 70 stones (in hand)
Armour
 j - a cursed +0 robe (worn)
Jewellery
 i - a +3 ring of protection (left hand)
Scrolls
 a - a scroll of identify {unknown}
 g - a scroll of recharging {unknown}
 h - a scroll of teleportation {unknown}
 l - a scroll of magic mapping {unknown}
Potions
 e - a potion of haste {unknown}
 f - a potion of agility {unknown}
 k - a potion of brilliance {unknown}
Books
 c - a book of Geomancy

   Spells                             Type                      Level
   a - Sandblast                      Earth                        1
   b - Passwall                       Transmutation/Earth          2
   c - Stone Arrow                    Conjuration/Earth            3
   d - Petrify                        Transmutation/Earth          4
   e - Lee's Rapid Deconstruction     Earth                        5
Comestibles
 d - 2 bread rations


   Skills:
 - Level 2.4 Dodging
 - Level 2.4 Stealth
 * Level 4.2 Spellcasting
   Level 1.1 Transmutations
 + Level 3.5 Earth Magic


You had 8 spell levels left.
You knew the following spells:

 Your Spells              Type           Power        Failure   Level  Hunger
a - Sandblast             Erth           ###...       3%          1    None


You were on level 4 of the Dungeon.
You were not hungry.

You visited 1 branch of the dungeon, and saw 5 of its levels.

You collected 110 gold pieces.

####..# ##
......#####...##
......#<........ #
........###...# .#
......####....# .##
......###...#.## ...
####..##..†....###!#
##.#.....>......####.
#.#.........@o.o.o..
#.#.........#######.
#....#......#
#>###.......#
#........#..#
#.#####.##..# #..
#.##..# ### #.##...
........

Notes
Turn   | Place    | Note
--------------------------------------------------------------
     0 | D:1      | ololoev the Deep Elf Earth Elementalist began the quest for the Orb.
     0 | D:1      | Reached XP level 1. HP: 10/10 MP: 6/6
    70 | D:2      | Found a glowing silver altar of Zin.
    74 | D:2      | Found a blossoming altar of Fedhas.
   145 | D:3      | Reached XP level 2. HP: 15/15 MP: 3/8
   303 | D:3      | Reached skill level 4 in Spellcasting
   402 | D:5      | Entered Level 5 of the Dungeon
   445 | D:4      | Slain by an orc wizard

Dungeon Overview and Level Annotations

Branches:
Dungeon (5/15)
 Temple: D:4-7

Altars:
Fedhas
Zin


Message History

Casting: Sandblast
Confirm with . or Enter, or press ? or * to list all spells.
Aiming: Sandblast
Press: ? - help, Shift-Dir - straight line, f/p - hobgoblin
Aim: a hobgoblin The rocky blast hits the hobgoblin.
You kill the hobgoblin!
Casting: Sandblast
Confirm with . or Enter, or press ? or * to list all spells.
Aiming: Sandblast
Press: ? - help, Shift-Dir - straight line, f - goblin
Aim: a goblin The rocky blast hits the goblin.
You kill the goblin!
You see here a robe.
b - 35 stones (gained 1)
You see here a robe.
Found 17 gold pieces.
a - a scroll labeled ONI ACOIDYHA You see here a goblin corpse.
Found 17 sling bullets and 14 gold pieces.
b - 48 stones (gained 13)
Things that are here:
a hunting sling; a goblin corpse
Found 12 gold pieces.
d - 2 bread rations (gained 1)
You now have 66 gold pieces (gained 12).
You now have 80 gold pieces (gained 14).
You now have 97 gold pieces (gained 17).
Found a dark potion.
Found a stone staircase leading down.
k - a dark potion
(D) Dungeon
Where to? (Enter - D:3 @ (x,y), ? - help)
There is a stone staircase leading down here.
You climb downwards.
There is a stone staircase leading up here.
Found 24 stones.
Found 13 gold pieces.
Found a stone staircase leading down.
b - 72 stones (gained 24)
A giant cockroach comes into view.
Found an escape hatch in the floor.
You see here 13 gold pieces.
There is a stone staircase leading down here.
You see here 13 gold pieces.
You now have 110 gold pieces (gained 13).
Casting: Sandblast
Confirm with . or Enter, or press ? or * to list all spells.
Aiming: Sandblast
Press: ? - help, Shift-Dir - straight line, f - giant cockroach
Aim: a giant cockroach The rocky blast hits the giant cockroach.
You kill the giant cockroach!
There is a stone staircase leading down here.
You climb downwards.
Found a scroll labeled HIOFAM SUINE.
There is a stone staircase leading up here.
l - a scroll labeled HIOFAM SUINE
(D) Dungeon
Where to? (Enter - D:4, ? - help)
There is a stone staircase leading up here.
You climb upwards.
There is a stone staircase leading down here.
An orc comes into view. It is wielding a club.
Found a fuming silvery potion.
The orc shouts!
You hear a shout! x3
Casting: Sandblast
Confirm with . or Enter, or press ? or * to list all spells.
Aiming: Sandblast
Press: ? - help, Shift-Dir - straight line, f - orc
Aim: an orc, wielding a club The rocky blast hits the orc.
You kill the orc! 2 orcs and an orc wizard come into view.
The orc wizard shouts!
The orc shouts!
Found a stone staircase leading up.
The orc wizard hits you with a dagger of electrocution.
You are electrocuted!
Ouch! That really hurt!
You die...

You could see an orc wizard and 2 orcs.

Vanquished Creatures
  A dart slug (D:2)
  2 orcs
  2 giant cockroaches
  2 goblins (D:3)
  3 hobgoblins
  2 bats (D:3)
  2 kobolds
  A rat (D:3)
15 creatures vanquished.

Action                   || total
-------------------------++-------
 Cast: Sandblast         ||    18
Armor: Robe              ||     2
Dodge: Dodged            ||     8

Vault maps used:
D:1:      tarquinn_simple_flora_water_a, minmay_misc_feat_x,
          roderic_serpentine_path
D:2:      nicolae_overflow_hidden_temple, lemuel_round_altar
D:3:      kennysheep_the_goblin_king, serial_glass, glass_columns_a,
          glass_columns_a, glass_columns_b, glass_columns_c, glass_columns_b
D:4:      first_bread
D:5:      minmay_goblin_kobold_castle, uniq_pikel, uniq_grinder
